IL
SALT LAKE BEES @ ROCHESTER RED WINGS
04/06/2048
 
TOP OF THE 1ST
Salt Lake Bees batting - Pitching for Rochester Red Wings : RHP Bud Puffer
Pitching: RHP Bud Puffer
Batting: RHB Kian-tat Chen 0-0: Ball
1-0: Ground out 5-3 (Groundball, 56, EV 84.4 MPH)
Batting: RHB Ryan Munro 0-0: Called Strike
0-1: Ball
1-1: Ground out 4-3 (Groundball, 4, EV 86.2 MPH)
Batting: LHB Brett Bugge 0-0: Ground out 4-3 (Groundball, 4, EV 87.5 MPH)
Top of the 1st over - 0 runs, 0 hits, 0 errors, 0 left on base; Salt Lake 0 - Rochester 0
BOTTOM OF THE 1ST
Rochester Red Wings batting - Pitching for Salt Lake Bees : RHP Harry Christopher
Pitching: RHP Harry Christopher
Batting: RHB Joe Young 0-0: DOUBLE (Groundball, 5L, EV 95.6 MPH)
Batting: SHB Ian Thompson 0-0: Ball
1-0: Called Strike
1-1: Ground out U3 (Groundball, 34, EV 91.2 MPH)
Joe Young to third
Batting: SHB Dan Morataya 0-0: Ball
1-0: Ball
2-0: Ball
3-0: Base on Balls
Batting: LHB Chris Munguia 0-0: Ball
1-0: Fly out, F8 (Line Drive, 8RS, EV 90.6 MPH)
Batting: LHB Harris Vink 0-0: Ball
1-0: Called Strike
1-1: Ball
2-1: Swinging Strike
2-2: Fly out, F8 (Flyball, 8LXD, EV 104.4 MPH)
Bottom of the 1st over - 0 runs, 1 hit, 0 errors, 2 left on base; Salt Lake 0 - Rochester 0
TOP OF THE 2ND
Salt Lake Bees batting - Pitching for Rochester Red Wings : RHP Bud Puffer
Batting: RHB Melvin Gomez 0-0: Ball
1-0: Ball
2-0: Foul Ball, location: 2F
2-1: Ball
3-1: Base on Balls
Batting: LHB James McCauley 0-0: Called Strike
0-1: Foul Ball, location: 2F
0-2: Ball
1-2: Ball
2-2: Ball
3-2: Base on Balls
Melvin Gomez to second
Batting: RHB Jeff Long 0-0: Swinging Strike
0-1: Ball
1-1: Ball
2-1: Foul Ball, location: 2F
2-2: Ball
3-2: Strikes out looking
Batting: LHB Jonathon Walton 0-0: Ball
1-0: Ball
2-0: Ball
3-0: Base on Balls
Melvin Gomez to third
James McCauley to second
Batting: RHB Josh Faulconer 0-0: Ball
1-0: Called Strike
1-1: Grounds into double play, 5-4-3 (Groundball, 56S, EV 83.1 MPH)
Top of the 2nd over - 0 runs, 0 hits, 0 errors, 2 left on base; Salt Lake 0 - Rochester 0
BOTTOM OF THE 2ND
Rochester Red Wings batting - Pitching for Salt Lake Bees : RHP Harry Christopher
Batting: RHB Ryan Gautney 0-0: Ball
1-0: Called Strike
1-1: Called Strike
1-2: Foul Ball, location: 2F
1-2: Foul Ball, location: 2F
1-2: Ball
2-2: Strikes out swinging
Batting: RHB Mike Craver 0-0: Ball
1-0: Called Strike
1-1: Ground out 6-3 (Groundball, 6, EV 86.9 MPH)
Batting: RHB Juan Espinoza 0-0: Ball
1-0: Ball
2-0: Called Strike
2-1: Foul Ball, location: 2F
2-2: Fly out, F2 (Popup, 15S, EV 78.8 MPH)
Bottom of the 2nd over - 0 runs, 0 hits, 0 errors, 0 left on base; Salt Lake 0 - Rochester 0
TOP OF THE 3RD
Salt Lake Bees batting - Pitching for Rochester Red Wings : RHP Bud Puffer
Batting: RHB Brandon Davis 0-0: Called Strike
0-1: Ball
1-1: Swinging Strike
1-2: Foul Ball, location: 2F
1-2: Ball
2-2: Ball
3-2: Foul Ball, location: 2F
3-2: Foul Ball, location: 2F
3-2: Ground out U3 (Groundball, 34S, EV 84.4 MPH)
Batting: RHB Kian-tat Chen 0-0: Ball
1-0: Called Strike
1-1: Ball
2-1: Foul Ball, location: 2F
2-2: Strikes out looking
Batting: RHB Ryan Munro 0-0: Ball
1-0: Foul Ball, location: 2F
1-1: SINGLE (Line Drive, 4D, EV 95.0 MPH)
Batting: LHB Brett Bugge 0-0: Called Strike
0-1: Ball
1-1: Foul Ball, location: 2F
1-2: Strikes out looking
Top of the 3rd over - 0 runs, 1 hit, 0 errors, 1 left on base; Salt Lake 0 - Rochester 0
BOTTOM OF THE 3RD
Rochester Red Wings batting - Pitching for Salt Lake Bees : RHP Harry Christopher
Batting: RHB Dan Grable 0-0: Foul Ball, location: 2F
0-1: Ball
1-1: Foul Ball, location: 2F
1-2: Foul Ball, location: 2F
1-2: Ball
2-2: Foul Ball, location: 2F
2-2: Ball
3-2: Ground out 4-3 (Groundball, 4, EV 87.5 MPH)
Batting: RHB Joe Young 0-0: Ball
1-0: Ball
2-0: Foul Ball, location: 2F
2-1: SINGLE (Groundball, 56D, EV 98.8 MPH)
Batting: SHB Ian Thompson 0-0: Called Strike
0-1: Foul Ball, location: 2F
0-2: Strikes out swinging
Batting: SHB Dan Morataya 0-0: Ball
1-0: Ball
2-0: Ball
3-0: Foul Ball, location: 2F
3-1: Called Strike
3-2: Foul Ball, location: 2F
3-2: Strikes out swinging
Bottom of the 3rd over - 0 runs, 1 hit, 0 errors, 1 left on base; Salt Lake 0 - Rochester 0
TOP OF THE 4TH
Salt Lake Bees batting - Pitching for Rochester Red Wings : RHP Bud Puffer
Batting: RHB Melvin Gomez 0-0: Fly out, F8 (Flyball, 8RM, EV 84.4 MPH)
Batting: LHB James McCauley 0-0: Foul Ball, location: 2F
0-1: Foul Ball, location: 2F
0-2: Ball
1-2: Ball
2-2: Ball
3-2: Base on Balls
Batting: RHB Jeff Long 0-0: Ball
Wild Pitch!
James McCauley to second
1-0: Called Strike
1-1: Called Strike
1-2: Ball
2-2: Strikes out looking
Batting: LHB Jonathon Walton 0-0: Ball
1-0: Foul Ball, location: 2F
1-1: Ground out 2-3 (Groundball, 2R, EV 67.5 MPH)
Top of the 4th over - 0 runs, 0 hits, 0 errors, 1 left on base; Salt Lake 0 - Rochester 0
BOTTOM OF THE 4TH
Rochester Red Wings batting - Pitching for Salt Lake Bees : RHP Harry Christopher
Batting: LHB Chris Munguia 0-0: Called Strike
0-1: Ball
1-1: Ball
2-1: Swinging Strike
2-2: Strikes out swinging
Batting: LHB Harris Vink 0-0: Ball
1-0: Ground out 1-3 (Groundball, 15S, EV 65.0 MPH)
Batting: RHB Ryan Gautney 0-0: Ground out 3-1 (Groundball, 34S, EV 86.2 MPH)
Bottom of the 4th over - 0 runs, 0 hits, 0 errors, 0 left on base; Salt Lake 0 - Rochester 0
TOP OF THE 5TH
Salt Lake Bees batting - Pitching for Rochester Red Wings : RHP Bud Puffer
Batting: RHB Josh Faulconer 0-0: Called Strike
0-1: Ball
1-1: Ball
2-1: Foul Ball, location: 2F
2-2: Ground out 6-3 (Groundball, 56, EV 86.2 MPH)
Batting: RHB Brandon Davis 0-0: Called Strike
0-1: Ball
1-1: Ball
2-1: Ball
3-1: Foul Ball, location: 2F
3-2: Ground out 5-3 (Groundball, 5, EV 84.4 MPH)
Batting: RHB Kian-tat Chen 0-0: Ball
1-0: Foul Ball, location: 2F
1-1: SINGLE (Groundball, 5D, EV 96.9 MPH)
Batting: RHB Ryan Munro 0-0: Ground out 6-3 (Groundball, 6S, EV 85.6 MPH)
Top of the 5th over - 0 runs, 1 hit, 0 errors, 1 left on base; Salt Lake 0 - Rochester 0
BOTTOM OF THE 5TH
Rochester Red Wings batting - Pitching for Salt Lake Bees : RHP Harry Christopher
Batting: RHB Mike Craver 0-0: Ball
1-0: Foul Ball, location: 2F
1-1: SINGLE (Line Drive, 34, EV 95.0 MPH)
Batting: RHB Juan Espinoza 0-0: Called Strike
0-1: Ball
1-1: Foul Ball, location: 2F
1-2: Strikes out swinging
Batting: RHB Dan Grable 0-0: Ball
Mike Craver steals 2nd base
1-0: Ball
2-0: Foul Ball, location: 2F
2-1: Fly out, F6 (Popup, 6M, EV 70.6 MPH)
Batting: RHB Joe Young 0-0: Ball
1-0: Foul Ball, location: 2F
1-1: Ball
2-1: Ball
3-1: Called Strike
3-2: Ground out 5-3 (Groundball, 56S, EV 91.2 MPH)
Bottom of the 5th over - 0 runs, 1 hit, 0 errors, 1 left on base; Salt Lake 0 - Rochester 0
TOP OF THE 6TH
Salt Lake Bees batting - Pitching for Rochester Red Wings : RHP Bud Puffer
Batting: LHB Brett Bugge 0-0: Called Strike
0-1: Foul Ball, location: 2F
0-2: Fly out, F3 (Line Drive, 3, EV 71.9 MPH)
Batting: RHB Melvin Gomez 0-0: Ball
1-0: Ball
2-0: Called Strike
2-1: Foul Ball, location: 2F
2-2: Strikes out looking
Batting: LHB James McCauley 0-0: Called Strike
0-1: Ball
1-1: Ball
2-1: Ball
3-1: Swinging Strike
3-2: Strikes out swinging
Top of the 6th over - 0 runs, 0 hits, 0 errors, 0 left on base; Salt Lake 0 - Rochester 0
BOTTOM OF THE 6TH
Rochester Red Wings batting - Pitching for Salt Lake Bees : RHP Harry Christopher
Batting: SHB Ian Thompson 0-0: Called Strike
0-1: Foul Ball, location: 2F
0-2: Ball
1-2: Ball
2-2: Foul Ball, location: 2F
2-2: Ball
3-2: DOUBLE (Flyball, 9LD, EV 110.6 MPH)
Pitching: RHP Joe Beam
Batting: SHB Dan Morataya 0-0: Called Strike
0-1: Ball
1-1: Fly out, F9 (Flyball, 9, EV 81.2 MPH)
Batting: LHB Chris Munguia 0-0: Ball
1-0: Called Strike
1-1: Fly out, F7 (Flyball, 78M, EV 86.2 MPH)
Batting: LHB Harris Vink 0-0: Ball
1-0: Ball
2-0: Called Strike
2-1: Ball
3-1: Foul Ball, location: 2F
3-2: Base on Balls
Batting: RHB Ryan Gautney 0-0: SINGLE (Groundball, 56D, EV 104.4 MPH)
Ian Thompson to third
Harris Vink to second
Runner from 3rd tries for Home, SAFE, throw by LF to home
Batting: RHB Mike Craver 0-0: Ball
1-0: Called Strike
1-1: 3-RUN HOME RUN (Flyball, 89XD, EV 99.4 MPH), Distance : 400 ft
Pitching: LHP Steve McClain
Batting: RHB Juan Espinoza 0-0: Ball
1-0: Called Strike
1-1: Foul Ball, location: 2F
1-2: Ball
2-2: Ball
3-2: Strikes out swinging
Bottom of the 6th over - 4 runs, 3 hits, 0 errors, 0 left on base; Salt Lake 0 - Rochester 4
TOP OF THE 7TH
Salt Lake Bees batting - Pitching for Rochester Red Wings : RHP Bud Puffer
Batting: RHB Jeff Long 0-0: Called Strike
0-1: SINGLE (Groundball, 6MD, EV 101.2 MPH)
Batting: LHB Jonathon Walton 0-0: Ball
1-0: Bunt missed!
1-1: Bunted foul
1-2: Foul Ball, location: 2F
1-2: Ground out 6-3 (Groundball, 6S, EV 66.9 MPH)
Jeff Long to second
Pitching: RHP Alex Rushton
Batting: RHB Josh Faulconer 0-0: Foul Ball, location: 2F
0-1: Called Strike
0-2: Foul Ball, location: 2F
0-2: Ball
1-2: Ball
2-2: Strikes out looking
Batting: RHB Brandon Davis 0-0: Called Strike
0-1: Fly out, F7 (Flyball, 78D, EV 86.2 MPH)
Top of the 7th over - 0 runs, 1 hit, 0 errors, 1 left on base; Salt Lake 0 - Rochester 4
BOTTOM OF THE 7TH
Rochester Red Wings batting - Pitching for Salt Lake Bees : LHP Steve McClain
Batting: RHB Dan Grable 0-0: Ball
1-0: Foul Ball, location: 2F
1-1: Swinging Strike
1-2: Foul Ball, location: 2F
1-2: Ball
2-2: Fly out, F7 (Line Drive, 7, EV 98.8 MPH)
Batting: RHB Joe Young 0-0: Ball
1-0: Foul Ball, location: 2F
1-1: Ball
2-1: Foul Ball, location: 2F
2-2: Foul Ball, location: 2F
2-2: Ball
3-2: Foul Ball, location: 2F
3-2: Fly out, F8 (Flyball, 8LM, EV 81.9 MPH)
Batting: SHB Ian Thompson 0-0: Ball
1-0: Ball
2-0: Ball
3-0: Base on Balls
Batting: SHB Dan Morataya 0-0: Ball
1-0: Ball
Ian Thompson steals 2nd, throwing error, E2
Ian Thompson to third
2-0: Swinging Strike
2-1: DOUBLE (Line Drive, 78D, EV 99.4 MPH)
Ian Thompson scores
Batting: LHB Chris Munguia 0-0: Called Strike
0-1: Called Strike
0-2: Ball
1-2: Ball
2-2: Strikes out swinging
Bottom of the 7th over - 1 run, 1 hit, 1 error, 1 left on base; Salt Lake 0 - Rochester 5
TOP OF THE 8TH
Salt Lake Bees batting - Pitching for Rochester Red Wings : RHP Alex Rushton
Batting: RHB Kian-tat Chen 0-0: Called Strike
0-1: Ball
1-1: Ball
2-1: Ball
3-1: Fly out, F4 (Flyball, 4D, EV 93.8 MPH)
Batting: RHB Ryan Munro 0-0: Swinging Strike
0-1: Called Strike
0-2: Foul Ball, location: 2F
0-2: Ground out 4-3 (Groundball, 34, EV 87.5 MPH)
Batting: LHB Brett Bugge 0-0: Swinging Strike
0-1: Ball
1-1: Swinging Strike
1-2: SINGLE (Groundball, 4MD, EV 101.9 MPH)
Batting: RHB Melvin Gomez 0-0: Called Strike
0-1: Foul Ball, location: 2F
0-2: Strikes out looking
Top of the 8th over - 0 runs, 1 hit, 0 errors, 1 left on base; Salt Lake 0 - Rochester 5
BOTTOM OF THE 8TH
Rochester Red Wings batting - Pitching for Salt Lake Bees : LHP Steve McClain
Batting: LHB Harris Vink 0-0: Ball
1-0: Called Strike
1-1: Ground out 2-3 (Groundball, 15S, EV 70.6 MPH)
Batting: RHB Ryan Gautney 0-0: Called Strike
0-1: SINGLE (Groundball, 5D, EV 102.5 MPH)
Batting: RHB Mike Craver 0-0: Called Strike
0-1: Ball
1-1: Ball
2-1: Grounds out, U3 (Groundball, 3L, EV 109.4 MPH)
Batting: RHB Juan Espinoza 0-0: 2-RUN HOME RUN (Flyball, 89XD, EV 110.6 MPH), Distance : 423 ft
Batting: RHB Dan Grable 0-0: Called Strike
0-1: Ball
1-1: Foul Ball, location: 2F
1-2: Ball
2-2: Ball
3-2: Base on Balls
Batting: RHB Joe Young 0-0: Foul Ball, location: 2F
0-1: Ball
1-1: Called Strike
1-2: Strikes out swinging
Bottom of the 8th over - 2 runs, 2 hits, 0 errors, 1 left on base; Salt Lake 0 - Rochester 7
TOP OF THE 9TH
Salt Lake Bees batting - Pitching for Rochester Red Wings : RHP Alex Rushton
Batting: LHB James McCauley 0-0: Ball
1-0: Foul Ball, location: 2F
1-1: Called Strike
1-2: Strikes out swinging
Batting: RHB Jeff Long 0-0: Ball
1-0: Ground out 5-3 (Groundball, 56, EV 103.8 MPH)
Pinch Hitting: RHB Jimmy Buzard 0-0: Called Strike
0-1: Swinging Strike
0-2: Strikes out looking
Top of the 9th over - 0 runs, 0 hits, 0 errors, 0 left on base; Salt Lake 0 - Rochester 7
Tuesday, March 28th , 2023 - OOTP Baseball 23.10 Build 110